 Dungeon Crawl Stone Soup version 0.21-a0-496-g696f58f (webtiles) character file.

140 Gwenloh the Digger (level 5, -12/38 HPs)
             Began as a Draconian Earth Elementalist on Nov 23, 2017.
             Mangled by an iguana (13 damage)
             ... on level 4 of the Dungeon.
             The game lasted 00:09:34 (3174 turns).

Gwenloh the Digger (Draconian Earth Elementalist)   Turns: 3174, Time: 00:09:36

Health: -12/38     AC:  5    Str: 11    XL:     5   Next: 2%
Magic:  8/10       EV: 12    Int: 16    God:
Gold:   188        SH:  0    Dex: 11    Spells: 7/11 levels left

rFire    . . .     SeeInvis .   i - +0 mace
rCold    . . .     Gourm    .   (no shield)
rNeg     . . .     Faith    .   (armour unavailable)
rPois    .         Spirit   .   (helmet restricted)
rElec    .         Reflect  .   (no cloak)
rCorr    .         Harm     .   (no gloves)
MR       .....                  (no boots)
Stlth    ++........             (no amulet)
HPRegen  0.12/turn              (no ring)
MPRegen  0.12/turn              (no ring)

@: very slightly contaminated
A: unfitting armour, cold-blooded, AC +5
a: no special abilities


You were on level 4 of the Dungeon.
You were not hungry.

You visited 1 branch of the dungeon, and saw 4 of its levels.

You collected 188 gold pieces.

Inventory:

Hand Weapons
 i - a +0 mace (weapon)
 k - a +0 hunting sling
 q - a +0 whip
Missiles
 b - 114 stones (quivered)
Jewellery
 g - an uncursed amulet of harm {unknown}
 v - a cursed ring of loudness {unknown}
Scrolls
 j - a scroll of enchant armour {unknown}
 l - 3 scrolls of enchant weapon {unknown}
 n - a scroll of remove curse {unknown}
 o - a scroll of magic mapping {unknown}
 p - a scroll of blinking {unknown}
 r - 2 scrolls of identify {unknown}
 s - a scroll of teleportation {unknown}
Potions
 a - 3 potions of curing {unknown}
 e - a potion of might {unknown}
 h - a potion of cancellation {unknown}
 t - a potion of resistance {unknown}
Books
 d - a book of Geomancy

   Spells                             Type                      Level
   a - Sandblast                      Earth                        1
   b - Passwall                       Transmutation/Earth          2
   c - Stone Arrow                    Conjuration/Earth            3
   d - Petrify                        Transmutation/Earth          4
   e - Lee's Rapid Deconstruction     Earth                        5
Comestibles
 c - 4 bread rations
 f - 2 royal jellies
 m - 2 meat rations
 u - a chunk of flesh


   Skills:
 - Level 1.7 Dodging
 - Level 1.7 Stealth
 + Level 3.6 Spellcasting
   Level 1.0 Transmutations
 + Level 4.5 Earth Magic


You had 7 spell levels left.
You knew the following spells:

 Your Spells              Type           Power        Failure   Level  Hunger
a - Sandblast             Erth           ###...       2%          1    None
b - Stone Arrow           Conj/Erth      ##....       21%         3    ###....


Dungeon Overview and Level Annotations

Branches:
Dungeon (4/15)
 Temple: D:4-7

Altars:


Innate Abilities, Weirdness & Mutations

Your plain brown scales are hard. (AC +5)
You cannot fit into any form of body armour.
You are cold-blooded and may be slowed by cold attacks.


Message History

Aiming: Sandblast
Press: ? - help, Shift-Dir - straight line, f - iguana
Aim: an iguana (lightly wounded)
You miscast Sandblast.
You are very lightly contaminated with residual magic.
Nothing appears to happen.
The phantom closely misses you. The iguana bites you.
* * * LOW HITPOINT WARNING * * *
Casting: Sandblast
Confirm with . or Enter, or press ? or * to list all spells.
Aiming: Sandblast
Press: ? - help, Shift-Dir - straight line, f/p - iguana
Aim: an iguana (lightly wounded)
The blast of sand hits the iguana.
The iguana is severely wounded.
b - 114 stones The phantom hits you.
* * * LOW HITPOINT WARNING * * *
The phantom blinks!
The iguana bites you!
You die...

#.......# #.......#
#.......# #####
#.......# #.).#
#.......# ##
#...########.÷. ..
+...'..........
.####.####...###########
?.....l@§'...+..........
......####...######.....
..... #...# #..... ....
#...# #..... ... #####
###### .. # .


You could see an iguana.

Vanquished Creatures
  An orc priest (D:3)
  A worker ant (D:4)
  3 adders
  A worm (D:3)
  3 leopard geckos
  2 orcs (D:3)
  4 ball pythons
  6 giant cockroaches
  5 goblins
  4 hobgoblins
  2 quokkas (D:2)
  3 bats
  5 frilled lizards
  4 kobolds
  8 rats
52 creatures vanquished.

Notes
Turn   | Place    | Note
-------+----------+-------------------------------------------
     0 | D:1      | Gwenloh the Draconian Earth Elementalist began the quest for the Orb.
     0 | D:1      | Reached XP level 1. HP: 14/14 MP: 3/3
   174 | D:1      | Reached XP level 2. HP: 14/20 MP: 3/5
   991 | D:2      | Reached XP level 3. HP: 22/26 MP: 5/7
  1672 | D:3      | Reached skill level 4 in Earth Magic
  2013 | D:3      | Reached XP level 4. HP: 24/33 MP: 5/8
  2206 | D:3      | Learned a level 3 spell: Stone Arrow
  2978 | D:4      | Reached XP level 5. HP: 31/38 MP: 7/10
  3166 | D:4      | Noticed a phantom
  3174 | D:4      | HP: 1/38 [phantom (6)]
  3174 | D:4      | Mangled by an iguana

Vault maps used:
D:1:      roderic_crossed_star
D:4:      first_bread, kennysheep_small_spiral

Skill      XL: |  1  2  3 |
---------------+----------+-----
Spellcasting   | 3 |  3.6
Earth Magic    | 4 |  4.5
Dodging        | |  1.7
Stealth        | |  1.7
Transmutations | |  1.0

Action                   |  1- 3 |  4- 6 || total
-------------------------+-------+-------++-------
Melee: Unarmed           |   236 |    10 ||   246
       Tailslap          |    22 |     5 ||    27
       Mace              |       |    35 ||    35
 Cast: Sandblast         |    17 |     8 ||    25
 Stab: Sleeping          |     4 |       ||     4
  Eat: Chunk             |     3 |     5 ||     8
Armor: Skin              |    79 |    22 ||   101
Dodge: Dodged            |   171 |    42 ||   213

Table legend:
 A = Spawn XP
 B = Non-spawn XP
 C = Spawn XP percentage of total XP
 D = Spawn monster count
 E = Non-spawn monster count
 F = Spawn count percentage of total count
 G = Total turns spent on level
                    A         B        C        D         E        F      G
               +---------+---------+-------+---------+---------+-------+---------
         Total |       0 |     200 |   0.0 |       0 |      52 |   0.0 |  3174
               +---------+---------+-------+---------+---------+-------+---------
           D:1 |       0 |      29 |   0.0 |       0 |      18 |   0.0 |   899
           D:2 |       0 |      52 |   0.0 |       0 |      17 |   0.0 |   757
           D:3 |       0 |      67 |   0.0 |       0 |      11 |   0.0 |  1178
           D:4 |       0 |      52 |   0.0 |       0 |       6 |   0.0 |   340
               +---------+---------+-------+---------+---------+-------+---------
